 Dungeon Crawl Stone Soup version 0.25-a0-591-g2ad0d861f1 (webtiles) character file.

Game seed: 386028873532577209, levelgen mode: deterministic

161 Esekla the Ducker (level 5, -1/25 HPs)
             Began as a Spriggan Artificer on Mar 13, 2020.
             Killed by nerve-wracking pain
             ... invoked by an orc priest
              (9 damage)
             ... on level 3 of the Dungeon.
             The game lasted 00:11:15 (3242 turns).

Esekla the Ducker (Spriggan Artificer)              Turns: 3242, Time: 00:11:15

Health: -1/25      AC:  2    Str:  8    XL:     5   Next: 19%
Magic:  9/9        EV: 20    Int: 13    God:
Gold:   130        SH:  0    Dex: 17    Spells: 7/7 levels left

rFire    . . .     SeeInvis +   a - +1 short sword
rCold    . . .     Gourm    .   (shield restricted)
rNeg     . . .     Faith    .   b - +0 robe
rPois    .         Spirit   .   (helmet restricted)
rElec    .         Reflect  .   (no cloak)
rCorr    .         Harm     .   (gloves unavailable)
MR       .....                  (boots unavailable)
Stlth    ++........             (no amulet)
HPRegen  0.08/turn              (no ring)
MPRegen  0.11/turn              (no ring)

@: very quick
A: very small, unfitting armour, see invisible, herbivore, speed 3, slow
metabolism 2
a: no special abilities


You were on level 3 of the Dungeon.
You were not hungry.

You visited 1 branch of the dungeon, and saw 3 of its levels.

You collected 130 gold pieces.

Inventory:

Hand Weapons
 a - a +1 short sword (weapon)
Armour
 b - a +0 robe (worn)
Wands
 c - a wand of flame (15)
 d - a wand of enslavement (15)
 e - a wand of random effects (15)
Scrolls
 g - a scroll of teleportation {unknown}
 h - 2 scrolls of fog
 k - 3 scrolls of enchant weapon
 l - a scroll of blinking
Potions
 j - a potion of berserk rage {unknown}
 o - 2 potions of heal wounds
Comestibles
 f - 4 rations


   Skills:
 - Level 0.7 Fighting
 * Level 3.7 Short Blades
 * Level 5.2 Dodging
 + Level 2.8 Stealth
 * Level 1.5 Spellcasting
 - Level 4.0 Evocations


You had 7 spell levels left.
You didn't know any spells.
Your spell library was empty.

Dungeon Overview and Level Annotations

Branches:
Dungeon (3/15)

Altars:
Makhleb
Xom
Zin
The Shining One


Innate Abilities, Weirdness & Mutations

You are very small and have problems with some larger weapons.
You are too small for most types of armour.
You have supernaturally acute eyesight. (SInv)
You are a herbivore.
You cover ground extremely quickly.
You need to consume almost no food.


Message History

Found a hand axe.
You see here an adder corpse.
You see here a dagger.
An orc comes into view. It is wielding a +0 mace.
An orc comes into view.
An orc priest comes into view. It is wielding a +0 hand axe.
You see here a dagger.
You start resting.
The orc is too close now for your liking.
You closely miss the orc. The orc hits you.
You closely miss the orc. The orc barely misses you.
You closely miss the orc. The orc misses you.
You hit the orc but do no damage. The orc barely misses you.
You hit the orc but do no damage. The orc hits you.
You barely miss the orc.
The orc priest hits you with a +0 hand axe.
You see here a dagger.
The orc priest invokes the aid of Beogh against you.
Pain shoots through your body!
You die...

#.#####†##.#
#.#.# #...).#...#
#....##
#.###.###).#
#.#.#. . #....##
##.# ..... ..
#####.###..#
.#.#.#
######.#...#
....#
............# ..o
##########o####.#
#o.@...# ########


You could see an orc priest and an orc.

Vanquished Creatures
  A jelly (D:2)
  A centaur skeleton (D:3)
  An adder (D:3)
  2 oozes
  2 worms (D:2)
  4 dart slugs
  A leopard gecko (D:2)
  An orc (D:3)
  8 bats
  3 giant cockroaches (D:2)
  9 goblins
  8 hobgoblins
  9 jackals
  2 quokkas (D:2)
  3 ball pythons
  3 frilled lizards
  5 kobolds
  7 rats
70 creatures vanquished.

Notes
Turn   | Place    | Note
-------+----------+-------------------------------------------
     0 | D:1      | Esekla the Spriggan Artificer began the quest for the Orb.
     0 | D:1      | Reached XP level 1. HP: 9/9 MP: 4/4
   368 | D:1      | Reached XP level 2. HP: 10/14 MP: 6/6
   409 | D:1      | Reached skill level 4 in Dodging
   853 | D:1      | Reached XP level 3. HP: 6/17 MP: 7/7
  1313 | D:2      | Reached skill level 1 in Spellcasting
  1933 | D:2      | Found a glowing silver altar of Zin.
  2232 | D:1      | Reached XP level 4. HP: 21/21 MP: 8/8
  2616 | D:2      | Found a burning altar of Makhleb.
  2617 | D:2      | Found a shimmering altar of Xom.
  2664 | D:2      | Reached skill level 5 in Dodging
  2666 | D:2      | Found a glowing golden altar of the Shining One.
  3073 | D:3      | Noticed a bullfrog
  3198 | D:3      | Reached XP level 5. HP: 10/25 MP: 9/9
  3242 | D:3      | Killed from afar by an orc priest

Levels and vault maps discovered:
D:1:      minmay_arrival_arboretum_small, layout_loops_cross,
          minmay_misc_feat_rugged, columned_hall_lemuel
D:2:      layout_loops_cross, chequers_temple_overflow_statue_of_worship,
          lemuel_round_altar, tso_metal_star
D:3:      layout_loops_ring, ebering_ghost_reflecting_pool, first_ration,
          minmay_large_rounded_square

Skill      XL: |  1  2  3  4 |
---------------+-------------+-----
Dodging        | 4 5 |  5.2
Short Blades   | 2 3 |  3.7
Spellcasting   | 1 |  1.5
Stealth        | 2 |  2.8
Fighting       | |  0.7
Evocations     | |  4.0

Action                   |  1- 3 |  4- 6 || total
-------------------------+-------+-------++-------
Melee: Short sword       |   212 |   122 ||   334
  Use: Scroll            |       |     8 ||     8
 Stab: Sleeping          |     7 |     3 ||    10
  Eat: Ration            |       |     1 ||     1
Armor: Robe              |    16 |    11 ||    27
Dodge: Dodged            |   151 |    96 ||   247

Table legend:
 A = Non-vault XP
 B = Vault XP
 C = Vault XP percentage of total XP
 D = Non-vault monster count
 E = Vault monster count
 F = Vault count percentage of total count
                 A         B        C        D         E       F
            +---------+---------+-------+---------+---------+-------
      Total |     231 |       0 |   0.0 |      70 |       0 |   0.0
            +---------+---------+-------+---------+---------+-------
        D:1 |      59 |       0 |   0.0 |      32 |       0 |   0.0
        D:2 |     107 |       0 |   0.0 |      30 |       0 |   0.0
        D:3 |      65 |       0 |   0.0 |       8 |       0 |   0.0
            +---------+---------+-------+---------+---------+-------
